 Dungeon Crawl Stone Soup version 0.31-a0-1074-g0b22e4e0f1 (webtiles) character file.

Game seed: 8684412491058981710

30 drugrobin the Sneak (level 2, -2/25 HPs)
             Began as a Demigod Delver on Dec 7, 2023.
             Slain by a phantom (3 damage)
             ... on level 4 of the Dungeon.
             The game lasted 00:02:28 (501 turns).

drugrobin the Sneak (Demigod Delver)                 Turns: 501, Time: 00:02:29

Health: -2/25      AC:  4    Str: 13    XL:     2   Next: 84%
Magic:  4/4        EV: 11    Int: 12    God:
Gold:   25         SH:  0    Dex: 15    Spells: 1/1 levels left

rFire   . .          .
                       - Unarmed
rCold   . . .        (no shield)
rNeg    . . .        g - +0 leather armour
rPois   .            (no helmet)
rElec   .            i - +0 cloak
rCorr   .            (no gloves)
SInv    .            (no boots)
Will    .....        (no amulet)
Stlth   +++          (no ring)
HPRegen 0.24/turn    (no ring)
MPRegen 0.09/turn

%: no passive effects
@: no status effects
A: high MP 1, forlorn, divine attributes
a: no special abilities


You were on level 4 of the Dungeon.
You visited 1 branch of the dungeon, and saw 2 of its levels.

You collected 25 gold pieces.

Inventory:

Hand Weapons
 b - the +5 sling "Zafeo" {heavy, rN++ Dex-5}
   (You found it on level 5 of the Dungeon)

   Dex-5:     It affects your dexterity (-5).
   rN++:      It greatly protects you from negative energy.
 c - a +0 hand axe of venom
Missiles
 h - 3 boomerangs
Armour
 g - a +0 leather armour (worn)
 i - a +0 cloak (worn)
Wands
 f - a wand of digging (3)
Scrolls
 a - a scroll of revelation
 d - 2 scrolls of fear
 j - a scroll of fog
Potions
 e - a potion of haste
 k - a potion of mutation {unknown}


   Skills:
 - Level 2.6 Fighting
 - Level 1.7 Dodging
 - Level 4.5 Stealth
 + Level 3.2 Unarmed Combat


You had one spell level left.
You didn't know any spells.
Your spell library was empty.

Dungeon Overview and Level Annotations

Branches:
Dungeon (5/15)
 Temple: D:4-7

Annotations:
D:4 2 runed translucent doors, GreenGuy14's ghost, amateur DrMo
D:5 exclusions: ice beast, ogre, scorpion and white imp


Innate Abilities, Weirdness & Mutations

You have an increased reservoir of magic. (+10% MP)
You shall have no god before yourself.
Your divine heritage dramatically boosts your attributes as you level up.


Message History

The phantom hits you!
Unknown command.
Unknown command.
Fire: b) +5 sling "Zafeo" {heavy, rN++ Dex-5}
Press: ? - help, Q - select action, (/) - cycle Shift-Dir - straight line, f/p - phantom
Aim: a phantom (severely damaged, 50% to hit)
You shoot a sling bullet. The sling bullet hits the phantom.
The phantom is severely damaged.
The phantom hits you but does no damage.
The phantom hits you.
Unknown command.
Unknown command.
Fire: b) +5 sling "Zafeo" {heavy, rN++ Dex-5}
Press: ? - help, Q - select action, (/) - cycle Shift-Dir - straight line, f/p - phantom
Aim: a phantom (severely damaged, 50% to hit)
You shoot a sling bullet. The sling bullet misses the phantom.
The phantom hits you.
The phantom blinks!
You blink.
The phantom hits you.
* * * LOW HITPOINT WARNING * * *
Unknown command.
Unknown command.
You are now empty-handed.
The phantom hits you.
* * * LOW HITPOINT WARNING * * *
The phantom blinks!
You blink.
Unknown command.
Unknown command.
You hit the phantom.
The phantom is almost destroyed.
The phantom hits you but does no damage.
Unknown command.
Unknown command.
You hit the phantom but do no damage.
The phantom is almost destroyed.
The phantom hits you.
* * * LOW HITPOINT WARNING * * *
Unknown command.
Unknown command.
You hit the phantom.
The phantom is almost destroyed.
The phantom hits you.
You die...

#. #.# ..# #..# ...#
#...
#..###########.....##
#..#......##..#....#
###........##..#....#
##.............# ....
#........@.<>#.##...#
..........W..##.##..#
.##..........###.#..#
#...........###..#
#............# #..##
#............#
##..###
#............#
##...###
#.............#
##..>.#.
#.............#
#......


You could see a phantom.

Vanquished Creatures
  A white imp (D:5)
  6 orcs
  2 goblins (D:4)
  A hobgoblin (D:4)
  3 jackals (D:4)
  A quokka (D:4)
  A kobold (D:4)
15 creatures vanquished.

Notes
Turn   | Place    | Note
-------+----------+-------------------------------------------
     0 | D:5      | drugrobin the Demigod Delver began the quest for the Orb.
     0 | D:5      | Reached XP level 1. HP: 18/18 MP: 3/3
    57 | D:5      | Noticed a scorpion
   103 | D:5      | Noticed an ogre
   221 | D:5      | Noticed an ice beast
   287 | D:5      | Identified the +5 sling "Zafeo" {heavy, rN++ Dex-5}
   314 | D:4      | Reached XP level 2. HP: 25/25 MP: 4/4
   425 | D:4      | Found a runed translucent door.
   430 | D:4      | Noticed GreenGuy14's ghost (amateur DrMo)
   432 | D:4      | Noticed a bullfrog
   462 | D:4      | Found a runed translucent door.
   492 | D:4      | Noticed a phantom
   500 | D:4      | HP: 1/25 [phantom (5)]
   501 | D:4      | Slain by a phantom

Illustrated notes

Levels and vault maps discovered:
D:4:      layout_cave_pods, mainiacjoe_overflow_cross_hatched,
          ebering_ghost_sewer_f
D:5:      nicolae_cairo_tiling_large, layout_loops_ring, uniq_duvessa,
          uniq_sigmund

Skill      XL: |  1  2 |
---------------+-------+-----
Unarmed Combat | 2 3 |  3.2
Fighting       | |  2.6
Dodging        | |  1.7
Stealth        | |  4.5

Action                     || total
---------------------------++-------
  Melee: Unarmed           ||     8
         Hand axe          ||     7
         Punch             ||     1
   Fire: Sling             ||    22
    Use: Potion            ||     1
 Armour: Leather armour    ||    20
  Dodge: Dodged            ||     3

Table legend: (Time is in decaauts)
 A = Elapsed time spent in this place.
 B = Non-inter-level travel time spent in this place.
 C = Inter-level travel time spent in this place.
 D = Time resting spent in this place.
 E = Time spent auto-exploring this place.
 F = Levels seen in this place.
 G = Mean time per level.
                   A        B        C        D        E       F      G
               +--------+--------+--------+--------+--------+-----+--------+
         Total |    521 |    521 |      0 |     42 |    143 |   2 |  260.5 |
       Dungeon |    521 |    521 |      0 |     42 |    143 |   2 |  260.5 |
               +--------+--------+--------+--------+--------+-----+--------+

Top non-repeatable levels by time:
     D:5: 305 daAuts
     D:4: 216 daAuts
